 Dungeon Crawl Stone Soup version 0.20.1-1-g8b1a95d (webtiles) character file.

2373 Gremour the Covert (level 9, -3/55 HPs)
             Began as a Kobold Monk on Sept 15, 2017.
             Was a Follower of Dithmenos.
             Killed from afar by an electric eel (11 damage)
             ... with a bolt of electricity
             ... on level 7 of the Dungeon.
             The game lasted 00:49:04 (6491 turns).

Gremour the Covert (Kobold Monk)                    Turns: 6491, Time: 00:49:04

Health: -3/55      AC:  9    Str: 10    XL:     9   Next: 73%
Magic:  19/19      EV: 18    Int: 12    God:    Dithmenos [*.....]
Gold:   356        SH:  0    Dex: 18    Spells: 10/11 levels left

rFire    . . .     SeeInvis .   a - +2 short sword (venom)
rCold    . . .     Gourm    .   (shield restricted)
rNeg     . . .     Faith    .   H - +0 leather armour
rPois    .         Spirit   .   k - +2 helmet
rElec    .         Reflect  .   p - +1 cloak
rCorr    .         Harm     .   j - +2 pair of gloves
MR       +....                  (no boots)
Stlth    +++++.....             (no amulet)
Regen    0.2/turn               F - ring of magical power
MPRegen  0.2/turn               (no ring)

@: wreathed by umbra, heavily drained
A: carnivore 3, deformed body, low mp 1, magic resistance 1
a: Renounce Religion


You were on level 7 of the Dungeon.
You worshipped Dithmenos.
Dithmenos was aware of your devotion.
You were very full.

You visited 2 branches of the dungeon, and saw 8 of its levels.
You also visited: Sewer.

You collected 356 gold pieces.

Inventory:

Hand Weapons
 a - a +2 short sword of venom (weapon)
 b - a +2 dagger of speed
 s - a +0 short sword
 w - a +0 shortbow
Missiles
 E - 88 arrows (quivered)
Armour
 d - a +1 ring mail
 j - a +2 pair of gloves (worn)
 k - a +2 helmet (worn)
 p - a +1 cloak (worn)
 B - a +0 shield
 H - a +0 leather armour (worn)
Magical Staves
 m - an uncursed staff of power
Jewellery
 F - a ring of magical power (left hand)
 I - an uncursed ring of fire
Wands
 q - a wand of lightning (8/15)
 V - a wand of iceblast (6/15)
Scrolls
 g - 5 scrolls of remove curse
 h - 3 scrolls of identify
 n - 2 scrolls of blinking {unknown}
 o - 3 scrolls of teleportation
 t - 2 scrolls of fog {unknown}
 u - 2 scrolls of amnesia {unknown}
 v - a scroll of immolation {unknown}
 y - 2 scrolls of magic mapping {unknown}
 A - a scroll of fear {unknown}
Potions
 e - 3 potions of flight
 i - a potion of mutation {unknown}
 l - a potion of heal wounds
 x - 2 potions of curing
 z - 2 potions of magic
 D - a potion of haste
 G - a potion of berserk rage
Books
 r - Gaempel's Grimoire of the Cankerous Blaze
   (You found it on level 6 of the Dungeon)

   Spells                             Type                      Level
   a - Sting                          Conjuration/Poison           1
   b - Throw Flame                    Conjuration/Fire             2
   c - Ignite Poison                  Fire/Transmutation/Poison    3
   d - Ignition                       Fire                         8
Comestibles
 c - 2 meat rations
 f - a royal jelly


   Skills:
 + Level 6.2(4.7) Fighting
 + Level 9.3(7.7) Short Blades
 * Level 2.7(1.4) Armour
 + Level 7.2(5.7) Dodging
 + Level 9.5(8.0) Stealth
 + Level 1.7(0.4) Spellcasting
 * Level 1.2(0.0) Invocations


You had 10 spell levels left.
You knew the following spells:

 Your Spells              Type           Power        Failure   Level  Hunger
z - Sting                 Conj/Pois      #...         38%         1    ##.....


Dungeon Overview and Level Annotations

Branches:
Dungeon (7/15)             Temple (1/1) D:5

Altars:
Ashenzari
Cheibriados
Dithmenos
Fedhas
Gozag
Hepliaklqana
Kikubaaqudgha
Makhleb
Nemelex Xobeh
Okawaru
Sif Muna
Trog
Vehumet
Xom
Yredelemnul
Zin
The Shining One

Portals:
Bailey: D:7

Annotations:
D:7 1 transporter


Innate Abilities, Weirdness & Mutations

You are small and have problems with some larger weapons.
You are carnivorous and can eat meat at any time.
Armour fits poorly on your strangely shaped body.
Your magical capacity is low. (-10% MP)
You are resistant to hostile enchantments. (MR+)


Message History

You feel sick.
You see here a club.
Things that are here:
a dagger; a wand of flame (?/48)
The electric eel shoots out a bolt of lightning at you!
The bolt of electricity hits you! x2; The bolt of electricity hits the plant.
The electric eel shoots out a bolt of lightning at you!
The bolt of electricity hits you! x2
* * * LOW HITPOINT WARNING * * *
The bolt of electricity hits the plant.
There is an open door here.
Press: ? - help, v - describe, . - travel
Here: a plant (lightly damaged, umbra) Some shallow water.
You feel sick.
You are no longer poisoned.
The electric eel shoots out a bolt of lightning at you!
The bolt of electricity hits you!
You die...
Xom titters!

...# #.. #. #.
#.################### #
#.#.................# #
#.#.###############.# #
#.#.#8P#;;≈≈≈≈≈#P8#.###
#...#)@#.......#..#..##
#..©#.)'...♣...'[©#...#
##..#).#.......#..#....
##.#8P#;;≈≈≈≈≈#P8#.###
#.###############.# #
#.................#
###################


You could see 4 electric eels.

Vanquished Creatures
  Grinder (D:5)
  An orc warrior (D:5)
  2 sky beasts
  An ice beast (D:6)
  An ogre (D:5)
  4 centaurs
  2 big kobolds
  2 bullfrogs
  3 scorpions
  A wight (D:7)
  2 howler monkeys (D:6)
  4 crimson imps
  A quasit (D:5)
  A bullfrog skeleton (D:5)
  5 orc priests
  A hound (D:4)
  3 orc wizards
  2 iguanas (D:5)
  2 worker ants
  A hound skeleton (D:4)
  A worker ant zombie (D:6)
  7 adders
  3 gnolls (D:5)
  2 river rats
  2 shadow imps
  An ooze (D:1)
  An adder zombie (D:6)
  2 adder skeletons (D:4)
  2 worms
  2 dart slugs
  2 leopard geckos
  11 orcs
  2 ball pythons
  2 giant cockroaches
  4 goblins
  5 hobgoblins
  28 jackals
  3 quokkas
  3 frilled lizards
  A jackal skeleton (D:5)
  10 kobolds
  A leopard gecko skeleton (D:4)
  10 rats
145 creatures vanquished.

Vanquished Creatures (others)
  A centaur (D:7)
1 creature vanquished.

Grand Total: 146 creatures vanquished

Notes
Turn   | Place    | Note
-------+----------+-------------------------------------------
     0 | D:1      | Gremour the Kobold Monk began the quest for the Orb.
     0 | D:1      | Reached XP level 1. HP: 14/14 MP: 1/1
   362 | D:1      | Reached XP level 2. HP: 19/19 MP: 2/2
   626 | D:1      | Reached XP level 3. HP: 24/24 MP: 3/3
  1222 | D:2      | HP: 1/24 [worm (8)]
  1225 | D:2      | Reached XP level 4. HP: 2/29 MP: 4/4
  1673 | D:2      | Found a shimmering altar of Xom.
  2041 | D:3      | Found a glowing drain.
  2063 | D:3      | Reached skill level 1 in Armour
  2076 | Sewer    | Entered a sewer
  2290 | Sewer    | Noticed a big kobold
  2370 | Sewer    | Killed a big kobold
  2370 | Sewer    | Reached XP level 5. HP: 33/34 MP: 5/5
  2441 | Sewer    | Found a white marble altar of Elyvilon.
  2584 | D:3      | Found a shimmering altar of Xom.
  2592 | D:3      | Became a worshipper of Xom of Chaos
  3216 | D:3      | XOM: divination: magic mapping
  3410 | D:4      | Reached skill level 5 in Stealth
  3410 | D:4      | Reached XP level 6. HP: 39/39 MP: 6/6
  3451 | D:4      | Reached skill level 5 in Short Blades
  3570 | D:4      | Noticed a sky beast
  3576 | D:4      | Killed a sky beast
  3580 | D:4      | Gained mutation: You are resistant to hostile enchantments. (MR+) [mutagenic meat]
  3581 | D:4      | Gained mutation: Armour fits poorly on your strangely shaped body. [mutagenic meat]
  3582 | D:4      | Gained mutation: Your magical capacity is low. (-10% MP) [mutagenic meat]
  3823 | D:4      | Reached XP level 7. HP: 43/44 MP: 6/6
  3957 | D:5      | Entered Level 5 of the Dungeon
  4103 | D:5      | Found a basalt altar of Yredelemnul.
  4149 | D:5      | Reached skill level 5 in Dodging
  4216 | D:5      | XOM: harmless Hex miscast
  4240 | D:5      | XOM: potion effect (agility)
  4265 | D:5      | XOM: divination: detect items
  4284 | D:5      | Reached skill level 5 in Fighting
  4284 | D:5      | Reached XP level 8. HP: 49/49 MP: 7/7
  4540 | D:5      | Found a burning altar of Makhleb.
  4595 | D:5      | Noticed Grinder
  4611 | D:5      | XOM: divination: detect items
  4615 | D:5      | XOM: potion effect (brilliance)
  4621 | D:5      | Paralysed by Grinder for 4 turns
  4626 | D:5      | Found a staircase to the Ecumenical Temple.
  4635 | D:5      | Killed Grinder
  4684 | Temple   | Entered the Ecumenical Temple
  4750 | Temple   | XOM: mild Necr miscast
  4801 | Temple   | Fell from the grace of Xom
  4801 | Temple   | Became a worshipper of Dithmenos the Shadowed
  5027 | D:5      | Reached XP level 9. HP: 41/54 MP: 8/8
  5297 | D:6      | Found a shattered altar of Ashenzari.
  5305 | D:6      | Reached * piety under Dithmenos
  5406 | D:6      | Reached skill level 1 in Spellcasting
  5427 | D:6      | Found a sparkling altar of Nemelex Xobeh.
  5431 | D:6      | Identified Gaempel's Grimoire of the Cankerous Blaze
  5439 | D:6      | Learned a level 1 spell: Sting
  5496 | D:6      | Found a hazy altar of Hepliaklqana.
  5540 | D:6      | Found a transporter.
  5549 | D:6      | Found a transporter.
  5863 | D:7      | XOM: draining
  5866 | D:7      | Found a flagged portal.
  5898 | D:7      | Found a radiant altar of Vehumet.
  6240 | D:7      | Found a deep blue altar of Sif Muna.
  6447 | D:7      | Found a transporter.
  6460 | D:7      | Found a transporter.
  6482 | D:7      | Reached skill level 1 in Invocations
  6491 | D:7      | Killed from afar by an electric eel

Skill      XL: |  1  2  3  4  5  6  7  8  9 |
---------------+----------------------------+-----
Stealth        | 3 4 5 7 8 9 |  9.5
Fighting       | 4 5 6 |  6.2
Armour         | 1 2 |  2.7
Short Blades   | 5 7 8 9 |  9.3
Dodging        | 4 5 6 7 |  7.2
Spellcasting   | 1 |  1.7
Invocations    | 1 |  1.2

Action                   |  1- 3 |  4- 6 |  7- 9 || total
-------------------------+-------+-------+-------++-------
Melee: Short sword       |    29 |    53 |   316 ||   398
       Dagger            |   102 |   213 |       ||   315
 Cast: Sting             |       |       |     3 ||     3
  Use: Scroll            |     3 |     4 |     6 ||    13
       Potion            |     1 |     1 |     6 ||     8
 Stab: Sleeping          |     3 |     4 |    11 ||    18
  Eat: Chunk             |     7 |    10 |    11 ||    28
Armor: Ring mail         |    18 |    43 |       ||    61
       Leather armour    |       |     1 |    63 ||    64
Dodge: Dodged            |    49 |   112 |   214 ||   375
